 Dungeon Crawl Stone Soup version 0.22.0-16-gc6d26f6 (webtiles) character file.

895 Amnesiac the Magician (level 7, -2/46 HPs)
             Began as a Mummy Air Elementalist on Aug 18, 2018.
             Slain by a sky beast (5 damage)
             ... in the Ecumenical Temple.
             The game lasted 00:08:19 (5016 turns).

Amnesiac the Magician (Mummy Air Elementalist)      Turns: 5016, Time: 00:08:20

Health: -2/46      AC:  3    Str: 11    XL:     7   Next: 78%
Magic:  16/16      EV: 12    Int: 17    God:
Gold:   94         SH:  0    Dex: 12    Spells: 7/19 levels left

rFire    . . .     SeeInvis .   a - +2 flail (protect)
rCold    . . .     Gourm    .   (no shield)
rNeg     + + +     Faith    .   k - +0 robe
rPois    ∞         Spirit   .   d - +0 helmet
rElec    .         Reflect  .   (no cloak)
rCorr    .         Harm     .   (no gloves)
MR       .....                  (no boots)
Stlth    ++........             (no amulet)
HPRegen  0.15/turn              f - ring of fire
MPRegen  0.15/turn              (no ring)

@: no status effects
A: no food or potions, fire vulnerability, cold resistance 1, negative energy
resistance 3, torment resistance, unbreathing
a: no special abilities


You were in the Ecumenical Temple.
You were not hungry.

You visited 2 branches of the dungeon, and saw 7 of its levels.

You collected 94 gold pieces.

Inventory:

Hand Weapons
 a - a +2 flail of protection (weapon)
Armour
 d - a +0 helmet (worn)
 k - a +0 robe (worn)
Jewellery
 f - a ring of fire (left hand)
Wands
 h - a wand of flame (30)
Scrolls
 b - a scroll of fog {!r, unknown}
 c - a scroll of fear {!r, unknown}
 e - a scroll of remove curse {!r, unknown}
 g - a scroll of amnesia {!r, unknown}
 i - 3 scrolls of identify {!r, unknown}
 j - a scroll of magic mapping {!r, unknown}


   Skills:
 - Level 1.5 Dodging
 - Level 1.5 Stealth
 + Level 6.6 Spellcasting
 - Level 0.7 Conjurations
 * Level 6.6 Air Magic


You had 7 spell levels left.
You knew the following spells:

 Your Spells              Type           Power        Failure   Level  Hunger
a - Shock                 Conj/Air       ###.         2%          1    N/A
b - Lightning Bolt        Conj/Air       ###.......   58%         5    N/A
d - Airstrike             Air            ####......   8%          4    N/A
z - Swiftness             Chrm/Air       ###.....     4%          2    N/A

Your spell library contained the following spells:

 Spells                   Type           Power        Failure   Level  Hunger
 Spider Form              Tmut/Pois      #.........   36%         3    N/A
 Blade Hands              Tmut           #.........   98%         5    N/A
 Ice Form                 Ice/Tmut       #.......     77%         4    N/A
 Sticks to Snakes         Tmut           #.......     19%         2    N/A
 Static Discharge         Conj/Air       ###.....     9%          3    N/A
 Beastly Appendage        Tmut           #.....       12%         1    N/A

Dungeon Overview and Level Annotations

Branches:
Dungeon (6/15)             Temple (1/1) D:5

Altars:
Cheibriados
Dithmenos
Fedhas
Gozag
Hepliaklqana
Kikubaaqudgha
Makhleb
Okawaru
Sif Muna
Trog
Uskayaw
Wu Jian
Yredelemnul

Shops:
D:5 *


Innate Abilities, Weirdness & Mutations

You do not eat or drink.
Your flesh is vulnerable to fire.
You are immune to poison.
Your flesh is cold resistant. (rC+)
You are immune to negative energy. (rN+++)
You are immune to unholy pain and torment.
You can survive without breathing.


Message History

Found 16 gold pieces.
The sky beast flickers out of sight!
Deactivating autopickup; reactivate with Ctrl-A.
Something hits you. Something shocks you.
A scorpion comes into view.
A sky beast appears from thin air!
Reactivating autopickup.
Found a ration.
There is a staircase to the Ecumenical Temple here.
The sky beast barely misses you.
You climb downwards.
Welcome to the Ecumenical Temple!
Found a bloodstained altar of Trog and a snail-covered altar of Cheibriados.
There is a staircase back to the Dungeon here.
The sky beast flickers out of sight!
Deactivating autopickup; reactivate with Ctrl-A.
Something hits you. Something shocks you.
Found an ancient bone altar of Kikubaaqudgha.
There is a bloodstained altar of Trog here.
Found a blossoming altar of Fedhas.
A sky beast appears from thin air!
Reactivating autopickup.
Found a burning altar of Makhleb.
The sky beast flickers out of sight!
Deactivating autopickup; reactivate with Ctrl-A.
Something hits you. Something shocks you.
A sky beast appears from thin air!
Reactivating autopickup.
Found a basalt altar of Yredelemnul.
Found an opulent altar of Gozag.
The sky beast flickers out of sight!
Deactivating autopickup; reactivate with Ctrl-A.
There is a basalt altar of Yredelemnul here.
Something hits you. Something shocks you.
* * * LOW HITPOINT WARNING * * *
Found a shadowy altar of Dithmenos.
There is an opulent altar of Gozag here.
Something hits you.
* * * LOW HITPOINT WARNING * * *
Something shocks you.
* * * LOW HITPOINT WARNING * * *
Evoke which item? (* to show all) (? for menu, Esc to quit)
Okay, then.
There is a shadowy altar of Dithmenos here.
You open the door. Something hits you.
* * * LOW HITPOINT WARNING * * *
Something shocks you.
* * * LOW HITPOINT WARNING * * *
There is an open door here.
A sky beast appears from thin air!
Reactivating autopickup.
You open the door. The sky beast hits you.
* * * LOW HITPOINT WARNING * * *
The sky beast shocks you.
* * * LOW HITPOINT WARNING * * *
Found a deep blue altar of Sif Muna.
There is an open door here.
Found a hazy altar of Hepliaklqana and an iron altar of Okawaru.
There is a deep blue altar of Sif Muna here.
The sky beast flickers out of sight!
Deactivating autopickup; reactivate with Ctrl-A.
Found a hide-covered altar of Uskayaw.
Found an ornate altar of the Wu Jian Council.
Something hits you.
You die...

##.## ##.##
##...###...#
#.._....._..
##...###...#
##.## ##.## ###
### #.# ## ##.##
##.##
##...###...##
##...#
#.._...@._..#
#.._..
##...###{..##
##...# ## ##.##
##.## #.# ###
##'# ##.##
##.####≈.#
##...###...##..##
#.._....._..'.##
##...###...####
##.## ##.##


There were no monsters in sight!

Vanquished Creatures
  Eustachio (D:3)
  An ogre (D:4)
  A scorpion (D:3)
  2 crimson imps
  6 orc wizards
  2 orc priests (D:4)
  5 worker ants
  A hound skeleton (D:4)
  10 gnolls
  A shadow imp (D:5)
  2 oozes
  A worm (D:3)
  2 dart slugs
  4 leopard geckos
  19 orcs
  2 ball pythons
  4 bats (D:3)
  3 giant cockroaches
  8 goblins
  2 hobgoblins (D:2)
  3 jackals (D:5)
  A quokka (D:3)
  2 frilled lizards (D:3)
  4 kobolds
  2 rats
89 creatures vanquished.

Vanquished Creatures (others)
  6 toadstools (D:2)
6 creatures vanquished.

Grand Total: 95 creatures vanquished

Notes
Turn   | Place    | Note
-------+----------+-------------------------------------------
     0 | D:1      | Amnesiac the Mummy Air Elementalist began the quest for the Orb.
     0 | D:1      | Reached XP level 1. HP: 13/13 MP: 4/4
   128 | D:2      | Reached XP level 2. HP: 19/19 MP: 0/5
   423 | D:1      | Reached XP level 3. HP: 10/24 MP: 2/7
   453 | D:1      | Learned a level 2 spell: Swiftness
   876 | D:3      | Reached XP level 4. HP: 20/30 MP: 5/9
   946 | D:2      | Learned a level 4 spell: Airstrike
  1202 | D:3      | Reached XP level 5. HP: 35/35 MP: 1/11
  1819 | D:4      | Noticed Eustachio
  1983 | D:4      | Reached XP level 6. HP: 37/41 MP: 10/13
  1996 | D:4      | Learned a level 5 spell: Lightning Bolt
  2411 | D:3      | Reached skill level 5 in Spellcasting
  2411 | D:3      | Reached skill level 5 in Air Magic
  2846 | D:3      | Killed Eustachio
  2904 | D:4      | Reached XP level 7. HP: 46/46 MP: 10/15
  4539 | D:5      | Entered Level 5 of the Dungeon
  4902 | D:5      | Found Nics's Needful Niceties.
  4949 | D:5      | Found a staircase to the Ecumenical Temple.
  4958 | Temple   | Entered the Ecumenical Temple
  5002 | Temple   | HP: 1/46 [sky beast (5)]
  5016 | Temple   | Slain by a sky beast

Skill      XL: |  1  2  3  4  5  6  7 |
---------------+----------------------+-----
Spellcasting   | 3 4 5 6 |  6.6
Air Magic      | 3 4 5 6 |  6.6
Dodging        | |  1.5
Stealth        | |  1.5
Conjurations   | |  0.7

Action                   |  1- 3 |  4- 6 |  7- 9 || total
-------------------------+-------+-------+-------++-------
Melee: Unarmed           |       |     7 |       ||     7
       Flail             |       |       |    23 ||    23
 Cast: Shock             |    46 |   117 |    66 ||   229
       Airstrike         |       |       |     2 ||     2
Armor: Robe              |     1 |    12 |     7 ||    20
Dodge: Dodged            |    10 |    64 |    34 ||   108
